TOP OF THE 1ST |
Salem Misfits batting - Pitching for Lancaster Farmers : RHP Manuel Silva
|
Pitching: RHP Manuel Silva
|
|
Batting: SHB Alonso Márquez
|
0-0: Ball 1-0: Called Strike 1-1: Swinging Strike 1-2: Strikes out swinging
|
Batting: RHB Will Robinson
|
0-0: Called Strike 0-1: Fly out, F9 (Flyball, 89M)
|
Batting: LHB Iván Flores
|
0-0: Ball 1-0: Foul Ball, location: 2F 1-1: Foul Ball, location: 2F 1-2: Strikes out looking
|
Top of the 1st over - 0 run(s), 0 hit(s), 0 error(s), 0 left on base; Salem 0 - Lancaster 0 |
BOTTOM OF THE 1ST |
Lancaster Farmers batting - Pitching for Salem Misfits : RHP Robert Neal
|
Pitching: RHP Robert Neal
|
|
Batting: RHB Fernando Castro
|
0-0: Ball 1-0: Ball 2-0: Swinging Strike 2-1: Ball 3-1: Base on Balls
|
Batting: RHB Bennett Bates
|
0-0: Called Strike 0-1: Fly out, F8 (Line Drive, 8RM)
|
Batting: LHB Dave Burns
|
0-0: Ball 1-0: Ball 2-0: Fly out, F2 (Popup, 23F)
|
Batting: RHB Jason Ruffin
|
0-0: Ball 1-0: Ball 2-0: Foul Ball, location: 2F 2-1: Foul Ball, location: 2F 2-2: Strikes out swinging
|
Bottom of the 1st over - 0 run(s), 0 hit(s), 0 error(s), 1 left on base; Salem 0 - Lancaster 0 |
TOP OF THE 2ND |
Salem Misfits batting - Pitching for Lancaster Farmers : RHP Manuel Silva
|
Batting: LHB Chris Thurman
|
0-0: Ball 1-0: Called Strike 1-1: Fly out, F7 (Flyball, 7M)
|
Batting: RHB Jong-duk Kim
|
0-0: Fly out, F8 (Flyball, 8RM)
|
Batting: SHB Emílio Gonzáles
|
0-0: DOUBLE (Flyball, 8LM)
|
Batting: RHB Miguel Torres
|
0-0: Called Strike 0-1: Ground out 6-3 (Groundball, 6)
|
Top of the 2nd over - 0 run(s), 1 hit(s), 0 error(s), 1 left on base; Salem 0 - Lancaster 0 |
BOTTOM OF THE 2ND |
Lancaster Farmers batting - Pitching for Salem Misfits : RHP Robert Neal
|
Batting: RHB Fred Meyer
|
0-0: Called Strike 0-1: Called Strike 0-2: Foul Ball, location: 2F 0-2: Ball 1-2: SINGLE (Line Drive, 89S)
|
Batting: RHB Jack Sloan
|
0-0: Ball 1-0: SINGLE (Line Drive, 9S) Fred Meyer to second
|
Batting: RHB Michael Hart
|
0-0: Foul Ball, location: 2F 0-1: SINGLE (Line Drive, 89S) Fred Meyer to third Jack Sloan to second Runner from 3rd tries for Home, SAFE, throw made home Jack Sloan to third Michael Hart to second
|
Batting: RHB Chuck Wolf
|
0-0: Called Strike 0-1: Ball 1-1: Ball 2-1: Ball 3-1: Called Strike 3-2: Base on Balls
|
Batting: LHB Rob Wilson
|
0-0: SINGLE (Line Drive, 4MD) Jack Sloan scores Michael Hart to third Chuck Wolf to second
|
Batting: RHB Fernando Castro
|
0-0: Ball 1-0: Fly out, F4 (Popup, 4)
|
Batting: RHB Bennett Bates
|
0-0: Called Strike 0-1: Ball Wild Pitch! Michael Hart scores Chuck Wolf to third Rob Wilson to second 1-1: Called Strike 1-2: Ball 2-2: Fly out, F6 (Popup, 4M)
|
Batting: LHB Dave Burns
|
0-0: Ground out 4-3 (Groundball, 4)
|
Bottom of the 2nd over - 3 run(s), 4 hit(s), 0 error(s), 2 left on base; Salem 0 - Lancaster 3 |
TOP OF THE 3RD |
Salem Misfits batting - Pitching for Lancaster Farmers : RHP Manuel Silva
|
Batting: RHB John Townsend
|
0-0: Swinging Strike 0-1: Ball 1-1: Swinging Strike 1-2: Ball 2-2: Ground out 5-3 (Groundball, 5S)
|
Batting: SHB Arturo Romero
|
0-0: Foul Ball, location: 2F 0-1: Foul Ball, location: 2F 0-2: Strikes out looking
|
Batting: SHB Alonso Márquez
|
0-0: Called Strike 0-1: Ball 1-1: Swinging Strike 1-2: Fly out, F7 (Flyball, 78S)
|
Top of the 3rd over - 0 run(s), 0 hit(s), 0 error(s), 0 left on base; Salem 0 - Lancaster 3 |
BOTTOM OF THE 3RD |
Lancaster Farmers batting - Pitching for Salem Misfits : RHP Robert Neal
|
Batting: RHB Jason Ruffin
|
0-0: Called Strike 0-1: Foul Ball, location: 2F 0-2: Ball 1-2: Strikes out swinging
|
Batting: RHB Fred Meyer
|
0-0: Ball 1-0: Called Strike 1-1: Ball 2-1: Foul Ball, location: 2F 2-2: Ground out 6-3 (Groundball, 6)
|
Batting: RHB Jack Sloan
|
0-0: Ball 1-0: SINGLE (Groundball, 4MD)
|
Batting: RHB Michael Hart
|
0-0: Ball 1-0: Ball 2-0: Foul Ball, location: 2F 2-1: Ball 3-1: Base on Balls Jack Sloan to second
|
Batting: RHB Chuck Wolf
|
0-0: Ball 1-0: Ball 2-0: Ball 3-0: Base on Balls Jack Sloan to third Michael Hart to second
|
Batting: LHB Rob Wilson
|
0-0: Ball 1-0: Foul Ball, location: 2F 1-1: Swinging Strike 1-2: Ground out U3 (Groundball, 3L)
|
Bottom of the 3rd over - 0 run(s), 1 hit(s), 0 error(s), 3 left on base; Salem 0 - Lancaster 3 |
TOP OF THE 4TH |
Salem Misfits batting - Pitching for Lancaster Farmers : RHP Manuel Silva
|
Batting: RHB Will Robinson
|
0-0: Called Strike 0-1: Fly out, F8 (Flyball, 8LM)
|
Batting: LHB Iván Flores
|
0-0: Called Strike 0-1: Called Strike 0-2: Fly out, F7 (Flyball, 7LMF)
|
Batting: LHB Chris Thurman
|
0-0: Called Strike 0-1: Foul Ball, location: 2F 0-2: Ball 1-2: Ball 2-2: Foul Ball, location: 2F 2-2: Strikes out swinging
|
Top of the 4th over - 0 run(s), 0 hit(s), 0 error(s), 0 left on base; Salem 0 - Lancaster 3 |
BOTTOM OF THE 4TH |
Lancaster Farmers batting - Pitching for Salem Misfits : RHP Robert Neal
|
Batting: RHB Fernando Castro
|
0-0: Ball 1-0: Called Strike 1-1: Ground out 6-3 (Groundball, 6)
|
Batting: RHB Bennett Bates
|
0-0: Ball 1-0: Ball 2-0: Called Strike 2-1: Ground out 6-3 (Groundball, 6)
|
Batting: LHB Dave Burns
|
0-0: Foul Ball, location: 2F 0-1: Ball 1-1: SINGLE (Flyball, 8RS)
|
Batting: RHB Jason Ruffin
|
0-0: Called Strike 0-1: Ball 1-1: Ground out U3 (Groundball, 3)
|
Bottom of the 4th over - 0 run(s), 1 hit(s), 0 error(s), 1 left on base; Salem 0 - Lancaster 3 |
TOP OF THE 5TH |
Salem Misfits batting - Pitching for Lancaster Farmers : RHP Manuel Silva
|
Batting: RHB Jong-duk Kim
|
0-0: Foul Ball, location: 2F 0-1: Ball 1-1: Foul Ball, location: 2F 1-2: Ball 2-2: Foul Ball, location: 2F 2-2: Ground out 5-3 (Groundball, 15S)
|
Batting: SHB Emílio Gonzáles
|
0-0: Called Strike 0-1: Ball 1-1: Foul Ball, location: 2F 1-2: Strikes out looking
|
Batting: RHB Miguel Torres
|
0-0: Ball 1-0: Ball 2-0: Foul Ball, location: 2F 2-1: Fly out, F3 (Popup, 13)
|
Top of the 5th over - 0 run(s), 0 hit(s), 0 error(s), 0 left on base; Salem 0 - Lancaster 3 |
BOTTOM OF THE 5TH |
Lancaster Farmers batting - Pitching for Salem Misfits : RHP Robert Neal
|
Batting: RHB Fred Meyer
|
0-0: SINGLE (Flyball, 34D)
|
Batting: RHB Jack Sloan
|
0-0: Ball 1-0: Ball 2-0: Foul Ball, location: 2F 2-1: Called Strike 2-2: Ball 3-2: Foul Ball, location: 2F 3-2: Strikes out swinging
|
Batting: RHB Michael Hart
|
0-0: Ball 1-0: Ball 2-0: Ball 3-0: Called Strike 3-1: Base on Balls Fred Meyer to second
|
Batting: RHB Chuck Wolf
|
0-0: Ball 1-0: Ball 2-0: Called Strike 2-1: Ball 3-1: Foul Ball, location: 2F 3-2: Grounds into double play, 4-6-3 (Groundball, 4)
|
Bottom of the 5th over - 0 run(s), 1 hit(s), 0 error(s), 1 left on base; Salem 0 - Lancaster 3 |
TOP OF THE 6TH |
Salem Misfits batting - Pitching for Lancaster Farmers : RHP Manuel Silva
|
Batting: RHB John Townsend
|
0-0: Swinging Strike 0-1: Ball 1-1: Foul Ball, location: 2F 1-2: Ground out 6-3 (Groundball, 6M)
|
Batting: SHB Arturo Romero
|
0-0: Called Strike 0-1: Ball 1-1: Swinging Strike 1-2: Ball 2-2: Ball 3-2: Strikes out swinging
|
Batting: SHB Alonso Márquez
|
0-0: Fly out, F8 (Line Drive, 8RS)
|
Top of the 6th over - 0 run(s), 0 hit(s), 0 error(s), 0 left on base; Salem 0 - Lancaster 3 |
BOTTOM OF THE 6TH |
Lancaster Farmers batting - Pitching for Salem Misfits : RHP Robert Neal
|
Batting: LHB Rob Wilson
|
0-0: Foul Ball, location: 2F 0-1: Ball 1-1: Ball 2-1: Ball 3-1: Foul Ball, location: 2F 3-2: SINGLE (Flyball, 7S)
|
Batting: RHB Fernando Castro
|
0-0: Ball 1-0: Sac Bunt - play at first, batter safe! Rob Wilson to second
|
Batting: RHB Bennett Bates
|
0-0: Reached on error, E2 (Groundball, 23) Rob Wilson scores Fernando Castro to third
|
Batting: LHB Dave Burns
|
0-0: Ball 1-0: Ball 2-0: Called Strike 2-1: Fly out, F8 (Flyball, 8LM) Runner from 3rd tags up, SCORES, no throw
|
Pitching: RHP Tom Rosas
|
|
Batting: RHB Jason Ruffin
|
0-0: Called Strike 0-1: SINGLE (Line Drive, 34) Bennett Bates to third Runner from 3rd tries for Home, SAFE, throw made home
|
Batting: RHB Fred Meyer
|
0-0: Ball 1-0: Called Strike 1-1: Ball 2-1: 2-RUN HOME RUN (Flyball, 89XD), Distance : 413 ft
|
Batting: RHB Jack Sloan
|
0-0: Called Strike 0-1: SINGLE (Line Drive, 78S)
|
Batting: RHB Michael Hart
|
0-0: Fly out, F9 (Flyball, 9LM)
|
Batting: RHB Chuck Wolf
|
0-0: Swinging Strike 0-1: Fly out, F6 (Popup, 6D)
|
Bottom of the 6th over - 5 run(s), 5 hit(s), 1 error(s), 1 left on base; Salem 0 - Lancaster 8 |
TOP OF THE 7TH |
Salem Misfits batting - Pitching for Lancaster Farmers : RHP Manuel Silva
|
Now at 1B: Ray John
|
|
Batting: RHB Will Robinson
|
0-0: Ball 1-0: Ball 2-0: Fly out, F7 (Flyball, 7S)
|
Batting: LHB Iván Flores
|
0-0: SINGLE (Line Drive, 8LS)
|
Batting: LHB Chris Thurman
|
0-0: Swinging Strike 0-1: Ball 1-1: Foul Ball, location: 2F 1-2: 2-RUN HOME RUN (Flyball, 8RXD), Distance : 442 ft
|
Pitching: RHP Craig Evans
|
|
Batting: RHB Jong-duk Kim
|
0-0: Ball 1-0: Called Strike 1-1: Ball 2-1: Foul Ball, location: 2F 2-2: Ball 3-2: Base on Balls
|
Batting: SHB Emílio Gonzáles
|
0-0: Ball 1-0: Ball 2-0: Called Strike 2-1: Foul Ball, location: 2F 2-2: Ball 3-2: Foul Ball, location: 2F 3-2: Strikes out swinging
|
Batting: RHB Miguel Torres
|
0-0: Called Strike Jong-duk Kim steals 2nd base 0-1: Ground out 6-3 (Groundball, 6)
|
Top of the 7th over - 2 run(s), 2 hit(s), 0 error(s), 1 left on base; Salem 2 - Lancaster 8 |
BOTTOM OF THE 7TH |
Lancaster Farmers batting - Pitching for Salem Misfits : RHP Tom Rosas
|
Batting: LHB Rob Wilson
|
0-0: DOUBLE (Flyball, 8LXD)
|
Batting: RHB Fernando Castro
|
0-0: Fly out, F7 (Flyball, 78M)
|
Batting: RHB Ray John
|
0-0: SINGLE (Groundball, 4M) Rob Wilson to third Runner from 3rd tries for Home, SAFE, no throw or cutoff
|
Pitching: LHP David Cahill
|
|
Batting: LHB Dave Burns
|
0-0: Called Strike 0-1: Swinging Strike 0-2: Reached on error, E5 (Groundball, 5S) Ray John to second
|
Batting: RHB Jason Ruffin
|
0-0: Foul Ball, location: 2F 0-1: Ball 1-1: Grounds into double play, 6-4-3 (Groundball, 56)
|
Bottom of the 7th over - 1 run(s), 2 hit(s), 1 error(s), 1 left on base; Salem 2 - Lancaster 9 |
TOP OF THE 8TH |
Salem Misfits batting - Pitching for Lancaster Farmers : RHP Craig Evans
|
Batting: RHB John Townsend
|
0-0: Ball 1-0: Ball 2-0: Ball 3-0: Base on Balls
|
Batting: SHB Arturo Romero
|
0-0: Ball 1-0: SINGLE (Groundball, 56D) John Townsend to second
|
Batting: SHB Alonso Márquez
|
0-0: Called Strike 0-1: Ball 1-1: Ball 2-1: Foul Ball, location: 2F 2-2: Strikes out swinging
|
Batting: RHB Will Robinson
|
0-0: Foul Ball, location: 2F 0-1: Ball 1-1: Foul Ball, location: 2F 1-2: Foul Ball, location: 2F 1-2: Fly out, F7 (Flyball, 78M)
|
Batting: LHB Iván Flores
|
0-0: Fly out, F7 (Flyball, 78S)
|
Top of the 8th over - 0 run(s), 1 hit(s), 0 error(s), 2 left on base; Salem 2 - Lancaster 9 |
BOTTOM OF THE 8TH |
Lancaster Farmers batting - Pitching for Salem Misfits : LHP David Cahill
|
Batting: RHB Fred Meyer
|
0-0: Ground out 4-3 (Groundball, 34)
|
Batting: RHB Jack Sloan
|
0-0: Ball 1-0: Ball 2-0: Called Strike 2-1: Swinging Strike 2-2: Ball 3-2: Strikes out swinging
|
Batting: RHB Michael Hart
|
0-0: Foul Ball, location: 2F 0-1: Ball 1-1: Foul Ball, location: 2F 1-2: SINGLE (Line Drive, 56D)
|
Batting: RHB Chuck Wolf
|
0-0: Ball 1-0: Called Strike 1-1: Called Strike 1-2: Foul Ball, location: 2F 1-2: Foul Ball, location: 2F 1-2: Strikes out swinging
|
Bottom of the 8th over - 0 run(s), 1 hit(s), 0 error(s), 1 left on base; Salem 2 - Lancaster 9 |
TOP OF THE 9TH |
Salem Misfits batting - Pitching for Lancaster Farmers : RHP Craig Evans
|
Batting: LHB Chris Thurman
|
0-0: Fly out, F6 (Popup, 6MD)
|
Batting: RHB Jong-duk Kim
|
0-0: Ball 1-0: Called Strike 1-1: Ground out 3-1 (Groundball, 34)
|
Batting: SHB Emílio Gonzáles
|
0-0: Swinging Strike 0-1: Called Strike 0-2: Ball 1-2: Strikes out looking
|
Top of the 9th over - 0 run(s), 0 hit(s), 0 error(s), 0 left on base; Salem 2 - Lancaster 9 |
|